 Dungeon Crawl Stone Soup version 0.20.1-1-g8b1a95d (webtiles) character file.

5359 raph the Reanimator (level 10, -17/87 HPs)
             Began as a Deep Dwarf Necromancer on Nov 3, 2017.
             Was a Priest of Makhleb.
             Killed from afar by an efreet (24 damage)
             ... with a bolt of fire
             ... on level 9 of the Dungeon.
             The game lasted 00:30:45 (9714 turns).

raph the Reanimator (Deep Dwarf Necromancer)        Turns: 9714, Time: 00:30:47

Health: -17/87     AC: 10    Str: 16    XL:     10   Next: 39%
Magic:  17/17      EV: 17    Int: 17    God:    Makhleb [***...]
Gold:   130        SH:  0    Dex: 21    Spells: 6/19 levels left

rFire    . . .     SeeInvis .   v - +6 hand axe (flame)
rCold    . . .     Gourm    .   (no shield)
rNeg     . . .     Faith    .   K - +0 leather armour of Divine Intervention {Str+3 Dex+2} (curse)
rPois    .         Spirit   .   r - +0 helmet
rElec    .         Reflect  .   a - +0 cloak
rCorr    .         Harm     .   B - +0 pair of gloves
MR       +....                  N - +0 pair of boots
Stlth    ++++......             y - amulet of magic regeneration
Regen    0.0/turn               J - +2 ring of protection
MPRegen  0.3/turn               L - +5 ring of dexterity

@: about to teleport, non-regenerating
A: damage resistance, heal wounds, sense surroundings 2, no regeneration
a: Heal Wounds, Minor Destruction, Lesser Servant of Makhleb, Renounce Religion


You were on level 9 of the Dungeon.
You worshipped Makhleb.
Makhleb was most pleased with you.
You were near starving.

You visited 2 branches of the dungeon, and saw 10 of its levels.

You collected 405 gold pieces.
You spent 275 gold pieces at shops.

Inventory:

Hand Weapons
 l - a +0 hand axe of chopping
 t - a +4 mace of crushing
 v - a +6 hand axe of flaming (weapon)
 x - a +0 war axe
Missiles
 k - 9 tomahawks (quivered)
Armour
 a - a +0 cloak (worn)
 n - a +0 leather armour
 r - a +0 helmet (worn)
 B - a +0 pair of gloves (worn)
 K - the cursed +0 leather armour of Divine Intervention (worn) {Str+3 Dex+2}
   (You found it on level 9 of the Dungeon)

   It affects your strength (+3).
   It affects your dexterity (+2).
   It has a curse placed upon it.
 N - a +0 pair of boots (worn)
Jewellery
 j - a +2 ring of slaying
 u - an uncursed ring of protection from cold
 y - an amulet of magic regeneration (around neck)
 C - an uncursed amulet of the gourmand
 J - a +2 ring of protection (left hand)
 L - a +5 ring of dexterity (right hand)
Wands
 D - a wand of polymorph (8/24)
 G - a wand of iceblast (4/15)
 R - a wand of digging (11/24)
Scrolls
 d - 4 scrolls of fear
 g - a scroll of magic mapping
 i - a scroll of recharging {unknown}
 o - 7 scrolls of remove curse
 E - a scroll of identify
 F - a scroll of teleportation
 O - a scroll of torment {unknown}
 P - a scroll of brand weapon {unknown}
 Q - a scroll of vulnerability {unknown}
Potions
 e - 3 potions of cancellation
 h - 2 potions of degeneration
 m - 3 potions of berserk rage
 p - a potion of brilliance
 s - a potion of invisibility
 w - 3 potions of curing
 z - a potion of flight
 A - 2 potions of resistance
 I - 3 potions of agility
Books
 b - a book of Necromancy

   Spells                             Type                      Level
   a - Pain                           Necromancy                   1
   b - Animate Skeleton               Necromancy                   1
   c - Vampiric Draining              Necromancy                   3
   d - Regeneration                   Charms/Necromancy            3
   e - Animate Dead                   Necromancy                   4
   f - Control Undead                 Necromancy                   4
 H - a book of Maledictions

   Spells                             Type                      Level
   a - Corona                         Hexes                        1
   b - Ensorcelled Hibernation        Hexes/Ice                    2
   c - Confuse                        Hexes                        3
   d - Tukima's Dance                 Hexes                        3
   e - Dazzling Spray                 Conjuration/Hexes            3
Comestibles
 c - 10 bread rations
 f - 4 royal jellies
 q - 4 meat rations
 M - 2 fruits


   Skills:
 + Level 4.5 Fighting
 * Level 3.9 Axes
 + Level 6.0 Armour
 + Level 6.4 Dodging
 + Level 8.1 Stealth
 + Level 5.1 Spellcasting
 * Level 9.6 Necromancy
 + Level 3.2 Invocations


You had 6 spell levels left.
You knew the following spells:

 Your Spells              Type           Power        Failure   Level  Hunger
a - Pain                  Necr           ####         1%          1    None
b - Animate Skeleton      Necr           N/A          1%          1    None
c - Vampiric Draining     Necr           #####.....   1%          3    ###....
d - Animate Dead          Necr           N/A          3%          4    ####...
e - Control Undead        Necr           #####.....   3%          4    ####...


Dungeon Overview and Level Annotations

Branches:
Dungeon (9/15)             Temple (1/1) D:5
   Lair: D:8-11         Orc: D:9-12

Altars:
Ashenzari
Cheibriados
Dithmenos
Elyvilon
Fedhas
Gozag
Hepliaklqana
Kikubaaqudgha
Makhleb
Nemelex Xobeh
Okawaru
Qazlal
Ru
Sif Muna
Trog
Uskayaw
Vehumet
Xom
Yredelemnul
Zin
The Shining One

Shops:
D:7 [

Annotations:
D:7 Menkaure


Innate Abilities, Weirdness & Mutations

You are resistant to damage.
You can heal yourself by infusing magical energy.
You passively map the area around you.
You do not regenerate.


Message History

Evoking this partially-identified wand wasted a few charges.
Something hits you!
* * * LOW HITPOINT WARNING * * *
The efreet gestures at you.
The fireball explodes!
The fireball engulfs you!
* * * LOW HITPOINT WARNING * * *
The fireball engulfs something.
Something hits you but does no damage.
As you read the scroll of teleportation, it crumbles to dust.
You feel strangely unstable. Something completely misses you.
The bullfrog zombie hits you but does no damage.
The bullfrog closely misses you. Something completely misses you.
Something barely misses you.
The centaur warrior is engulfed in blazing flames.
The centaur warrior shoots an arrow.
Reactivating autopickup.
The bullfrog misses you. The bullfrog zombie barely misses you.
The efreet gestures at you. The bolt of fire hits you!
You die...

......................
,,
.............(......>.
,
#####.................
, ,
......................
, ,
......................,
, ##.######..###'###..#
* * ##.#####..##.....##
** *
#........##..8.8..## ,
..########......@..##
,* ..# #......Z(F..# ..
, ..# ,
#.8.._._R.8.#... *,,*
#.# ,*
+.....8c§R..'.....# #.#
, #.8.._.§§.8.#.....#
#.#,
#.......§...#.....#
..#* +* ##......§..##
#+###, .##,
##.......##* * ## **
##.....##* ,* , ,


You could see a centaur warrior, 2 efreet, a bullfrog and a bullfrog zombie.

Vanquished Creatures
  A death knight (D:9)
  Pikel (D:4)
  Prince Ribbit (D:8)
  Grinder (D:5)
  A hippogriff (D:9)
  Sigmund (D:2)
  2 yaks
  3 orc warriors
  An ice beast (D:8)
  A black bear (D:6)
  A phantom (D:6)
  2 sky beasts
  2 centaurs
  4 ogres
  2 big kobolds
  5 bullfrogs
  2 scorpions
  A killer bee (D:9)
  4 wights (D:8)
  2 howler monkeys
  A bullfrog zombie (D:8)
  3 crimson imps
  2 hounds
  A bullfrog skeleton (D:4)
  Crazy Yiuf (D:2)
  3 orc priests
  Jessica (D:2)
  4 iguanas
  A gnoll shaman (D:5)
  5 orc wizards
  4 worker ants
  2 hound zombies
  7 gnolls
  13 adders
  2 shadow imps (D:5)
  An ooze (D:1)
  2 worms (D:3)
  11 leopard geckos
  17 orcs
  9 bats
  10 giant cockroaches
  7 goblins
  12 hobgoblins
  17 jackals
  18 kobolds
  5 quokkas
  5 frilled lizards
  7 rats
209 creatures vanquished.

Vanquished Creatures (collateral kills)
  A bullfrog (D:6)
  A wyvern skeleton (D:6)
  A water moccasin zombie (D:7)
  A wight (D:8)
  A jelly (D:8)
  A bullfrog skeleton (D:8)
  An orc priest (D:7)
  2 worker ants
  A shadow imp (D:8)
  An adder skeleton (D:5)
  An orc (D:8)
  2 bats
  A giant cockroach (D:2)
  A goblin (D:3)
  A jackal (D:8)
17 creatures vanquished.

Vanquished Creatures (others)
  An unseen horror (D:9)
  A quasit (D:4)
2 creatures vanquished.

Grand Total: 228 creatures vanquished

Notes
Turn   | Place    | Note
-------+----------+-------------------------------------------
     0 | D:1      | raph the Deep Dwarf Necromancer began the quest for the Orb.
     0 | D:1      | Reached XP level 1. HP: 15/15 MP: 3/3
    90 | D:1      | Learned a level 1 spell: Animate Skeleton
   164 | D:1      | Reached XP level 2. HP: 22/22 MP: 1/4
   777 | D:1      | You fall through a shaft!
   804 | D:2      | Noticed Jessica
   811 | D:2      | Killed Jessica
   811 | D:2      | Reached XP level 3. HP: 28/28 MP: 1/6
   847 | D:2      | Learned a level 3 spell: Vampiric Draining
  1197 | D:2      | Reached skill level 5 in Necromancy
  1212 | D:2      | Noticed Sigmund
  1301 | D:3      | Reached XP level 4. HP: 34/36 MP: 7/7
  1485 | D:3      | Found a hide-covered altar of Uskayaw.
  1526 | D:3      | Reached skill level 1 in Armour
  1560 | D:3      | Noticed an ogre
  1614 | D:2      | Killed Sigmund
  1614 | D:2      | Reached skill level 1 in Fighting
  1614 | D:2      | Reached XP level 5. HP: 17/44 MP: 0/9
  1614 | D:2      | Reached XP level 6. HP: 19/51 MP: 0/10
  1757 | D:2      | Found a blossoming altar of Fedhas.
  2148 | D:2      | Learned a level 4 spell: Animate Dead
  2195 | D:2      | Found a runed door.
  2199 | D:2      | Noticed Crazy Yiuf
  2207 | D:2      | Killed Crazy Yiuf
  3184 | D:3      | Reached skill level 6 in Necromancy
  3614 | D:4      | Noticed a slave
  3614 | D:4      | Noticed a slave
  3615 | D:4      | Noticed Pikel
  3615 | D:4      | Noticed a slave
  3645 | D:4      | Noticed a slave
  3661 | D:4      | Killed Pikel
  3661 | D:4      | Reached skill level 5 in Stealth
  3661 | D:4      | Reached XP level 7. HP: 34/61 MP: 3/12
  3815 | D:4      | Learned a level 4 spell: Control Undead
  3842 | D:4      | Reached skill level 7 in Necromancy
  3842 | D:4      | Reached XP level 8. HP: 30/68 MP: 5/13
  4594 | D:5      | Entered Level 5 of the Dungeon
  4609 | D:5      | Found a bloodstained altar of Trog.
  4686 | D:5      | Found a staircase to the Ecumenical Temple.
  4737 | D:5      | Noticed Grinder
  4754 | D:5      | Killed Grinder
  4774 | Temple   | Entered the Ecumenical Temple
  4820 | Temple   | Became a worshipper of Makhleb the Destroyer
  5781 | D:5      | Reached skill level 5 in Dodging
  5853 | D:5      | Reached * piety under Makhleb
  5930 | D:6      | Reached skill level 8 in Necromancy
  6216 | D:6      | Gained mutation: You passively map the area around you. [Deep Dwarf growth]
  6216 | D:6      | Reached XP level 9. HP: 51/76 MP: 5/15
  6567 | D:6      | Found a bloodstained altar of Trog.
  6590 | D:6      | Reached skill level 5 in Armour
  6990 | D:6      | Reached ** piety under Makhleb
  6998 | D:6      | Reached skill level 1 in Invocations
  7205 | D:6      | Reached skill level 1 in Axes
  7300 | D:7      | Found Zomitz's Antique Armour Shoppe.
  7524 | D:7      | Noticed Menkaure
  7741 | D:7      | Bought a transparent helmet for 275 gold pieces
  7751 | D:7      | Identified the +2 helmet "Memel" {+Fly rCorr Slay-4} (You bought it in a shop on level 7 of the Dungeon)
  8144 | D:7      | Found a blossoming altar of Fedhas.
  8406 | D:7      | Found a glowing golden altar of the Shining One.
  8406 | D:7      | Found a bloodstained altar of Trog.
  8406 | D:7      | Found a white marble altar of Elyvilon.
  8439 | D:8      | Reached skill level 9 in Necromancy
  8521 | D:8      | Noticed Prince Ribbit
  8535 | D:8      | Killed Prince Ribbit
  8842 | D:8      | Reached XP level 10. HP: 80/86 MP: 7/17
  8949 | D:8      | Found a shimmering altar of Xom.
  9069 | D:8      | Reached *** piety under Makhleb
  9169 | D:9      | Got a spiked leather armour
  9180 | D:9      | Identified the cursed +0 leather armour of Divine Intervention {Str+3 Dex+2} (You found it on level 9 of the Dungeon)
  9251 | D:9      | Noticed a death knight
  9262 | D:9      | HP: 4/87 [death knight/enchanted battleaxe (31)]
  9275 | D:9      | Killed a death knight
  9275 | D:9      | Reached skill level 5 in Spellcasting
  9644 | D:9      | Found a shadowy altar of Dithmenos.
  9645 | D:9      | Found a sparkling altar of Nemelex Xobeh.
  9645 | D:9      | Found a glowing golden altar of the Shining One.
  9645 | D:9      | Found a blossoming altar of Fedhas.
  9703 | D:9      | Noticed a centaur warrior
  9714 | D:9      | Killed an unseen horror
  9714 | D:9      | Killed from afar by an efreet

Skill      XL: |  1  2  3  4  5  6  7  8  9 10 |
---------------+-------------------------------+-----
Spellcasting   | 2 3 4 5 |  5.1
Stealth        | 3 5 6 7 8 |  8.1
Necromancy     | 5 6 7 8 9 |  9.6
Armour         | 2 3 4 5 6 |  6.0
Dodging        | 3 4 5 6 |  6.4
Fighting       | 1 2 3 4 |  4.5
Invocations    | 2 3 |  3.2
Axes           | 2 3 |  3.9

Action                   |  1- 3 |  4- 6 |  7- 9 | 10-12 || total
-------------------------+-------+-------+-------+-------++-------
Melee: Unarmed           |    23 |       |       |       ||    23
       Hand axe          |    24 |    44 |   166 |    57 ||   291
       Mace              |       |    12 |       |       ||    12
 Cast: Pain              |    58 |    49 |    76 |     9 ||   192
       Animate Skeleton  |    12 |    15 |    22 |     2 ||    51
       Vampiric Draining |       |    30 |    87 |    16 ||   133
       Animate Dead      |       |     3 |    18 |    10 ||    31
       Control Undead    |       |       |    15 |       ||    15
Invok: Lesser Servant of |       |       |       |     1 ||     1
 Abil: Heal Wounds       |       |       |       |     1 ||     1
Evoke: Wand              |       |       |       |     2 ||     2
  Use: Scroll            |     1 |       |    22 |     1 ||    24
       Potion            |       |       |     1 |       ||     1
 Stab: Distracted        |       |       |     2 |     1 ||     3
       Sleeping          |       |       |     1 |     1 ||     2
  Eat: Chunk             |     2 |    12 |    25 |     4 ||    43
       Fruit             |       |       |     2 |       ||     2
       Meat ration       |       |       |     1 |       ||     1
Armor: Robe              |     8 |       |       |       ||     8
       Leather armour    |     6 |    23 |    84 |    17 ||   130
Dodge: Dodged            |    40 |    76 |   189 |    69 ||   374
